AoeStats
← 只会打步弓

Oasis

510121523Analyzed
4v4 RM · 2d ago on Sep 29, 2026· 33m 6s· 8 players
Game mode
Random Map
Map size
Large (8 player)
Population
200
Speed
Normal
Resources
Standard
Victory
Conquest
Starting age
Dark Age
Ending age
Imperial Age
RankedLock teamsTeams togetherTeam positionsShared explorationLock speedFull tech treeHidden civsTurbo modeCheats
Victory
Defeat
🇻🇳 Franks · Vietnam
1720
+13
🇵🇪 Chinese · Peru
1641
+17
🇺🇸 Malay · United States
1636
+17
🇭🇺 Magyars · Hungary
1481
+24
🇨🇳 Maya · China
1679
-19
🇨🇳 Huns · China
1657
-18
🇨🇳 Spanish · China
1646
-17
🇨🇳 Mongols · China
1634
-17
Jaxto
2:59 Loom
10:47 Feudal Age
9:57 Man-at-Arms
22:42 Fletching
25:45 Horse Collar
25:59 Double-Bit Axe
30:50 Castle Age
28:58 Gold Mining
29:27 Padded Archer Armor
29:49 Crossbowman
noru
0:27 Loom
8:54 Feudal Age
9:34 Double-Bit Axe
18:12 Castle Age
18:35 Crossbowman
19:06 Fletching
20:10 Bow Saw
19:58 Bodkin Arrow
20:28 Horse Collar
24:21 Heavy Plow
25:54 Wheelbarrow
25:59 Stone Mining
26:44 Gold Mining
28:00 Stone Shaft Mining
28:17 Hand Cart
32:10 Imperial Age
30:11 Padded Archer Armor
30:50 Gold Shaft Mining
31:01 Ballistics
30:41 Town Watch
31:28 Thumb Ring
32:08 Leather Archer Armor
32:56 Bracer
33:58 Chemistry
TheGooseTransporter
5:56 Loom
8:51 Feudal Age
10:20 Double-Bit Axe
10:57 Horse Collar
16:09 Scale Barding Armor
16:18 Bloodlines
22:50 Castle Age
21:10 Gold Mining
23:54 Wheelbarrow
22:54 Light Cavalry
23:37 Husbandry
25:18 Chain Barding Armor
26:16 Bow Saw
26:09 Heavy Plow
32:39 Hand Cart
ZiZi
8:51 Feudal Age
9:39 Double-Bit Axe
9:54 Loom
17:01 Castle Age
16:41 Scale Barding Armor
18:27 Wheelbarrow
18:07 Bow Saw
25:23 Gold Mining
27:34 Hand Cart
30:00 Imperial Age
28:09 Husbandry
28:30 Chain Barding Armor
29:00 Forging
31:04 Iron Casting
30:08 Cavalier
31:35 Plate Barding Armor
31:07 Town Watch
31:39 Paladin
34:05 Blast Furnace
LUCKY
11:21 Feudal Age
12:19 Double-Bit Axe
15:25 Castle Age
13:24 Horse Collar
16:23 Bow Saw
19:02 Wheelbarrow
22:08 Heavy Plow
22:05 Stone Mining
24:14 Hand Cart
24:03 Gold Mining
26:26 Gold Shaft Mining
26:44 Loom
29:12 Scale Barding Armor
29:18 Forging
32:40 Imperial Age
30:57 Marauders
31:08 Fletching
32:02 Husbandry
31:24 Light Cavalry
33:32 Chain Barding Armor
LY006
0:27 Loom
9:56 Feudal Age
11:29 Double-Bit Axe
18:40 Fletching
28:08 Castle Age
28:05 Padded Archer Armor
27:57 Gold Mining
29:34 Crossbowman
只会打步弓
6:27 Loom
8:29 Feudal Age
14:57 Wheelbarrow
15:29 Horse Collar
15:36 Double-Bit Axe
19:36 Castle Age
20:31 Bow Saw
24:50 Town Watch
24:59 Gold Mining
25:12 Heavy Plow
小胖子
8:56 Feudal Age
9:30 Double-Bit Axe
9:32 Loom
9:55 Horse Collar
13:59 Bloodlines
16:24 Scale Barding Armor
17:12 Forging
22:06 Castle Age
22:09 Light Cavalry
23:11 Chain Barding Armor
25:43 Husbandry
32:46 Wheelbarrow
Connection lost

Rejoining the realm…

Still unreachable

The connection could not be restored.

Session expired

The server has moved on; the page needs a fresh start.